 Dungeon Crawl Stone Soup version 0.32-a0-22-g6ae6769602 (webtiles) character file.

Game seed: 6108401005405788228

3510 Malachi the Mimic (level 9, -11/89 HPs)
             Began as a Troll Shapeshifter on Jan 18, 2024.
             Mangled by a wyvern (13 damage)
             ... on level 9 of the Dungeon.
             The game lasted 00:06:51 (6406 turns).

Malachi the Mimic (Troll Shapeshifter)              Turns: 6406, Time: 00:06:51

Health: -11/89     AC:  5    Str: 28    XL:     9   Next: 81%
Magic:  8/8        EV:  9    Int:  6    God:
Gold:   524        SH:  0    Dex:  9    Spells: 8/8 levels left

rFire   . .          .
                       - Unarmed
rCold   . . .        (no shield)
rNeg    . . .        a - +1 animal skin
rPois   .            (helmet currently unavailable)
rElec   .            (cloak currently unavailable)
rCorr   .            (gloves unavailable)
SInv    +            (boots unavailable)
Will    .....        x - amulet of regeneration
Stlth   +            i - ring of see invisible
HPRegen 1.94/turn    (no ring)
MPRegen 0.11/turn

%: no passive effects
@: beast-form
A: beast (slay +4), large, unfitting armour, claws 3, regeneration 1, shaggy fur
1, tough skin 1
a: Begin Untransformation


You were on level 9 of the Dungeon.
You were a hulking beast.
You visited 2 branches of the dungeon, and saw 10 of its levels.

You collected 524 gold pieces.

Inventory:

Missiles
 A - a curare-tipped dart (quivered)
Armour
 a - a +1 animal skin (worn)
 k - a +2 hat
Jewellery
 i - a ring of see invisible (left claw)
 x - an amulet of regeneration (around neck)
 y - an amulet of the acrobat
Talismans
 c - a beast talisman
 d - a flux talisman
 j - a maw talisman
Wands
 o - a wand of charming (2)
 t - a wand of roots (7)
Scrolls
 g - 3 scrolls of teleportation
 h - 4 scrolls of enchant weapon
 l - a scroll of fog
 n - 3 scrolls of torment
 r - 2 scrolls of revelation
 u - a scroll of enchant armour
 v - 2 scrolls of identify
Potions
 b - 5 potions of lignification
 e - a potion of cancellation
 f - 2 potions of magic
 m - a potion of brilliance {unknown}
 p - 2 potions of heal wounds
 q - 2 potions of curing {unknown}
 s - 2 potions of might {unknown}
 w - 2 potions of attraction {unknown}
 z - a potion of mutation {unknown}
 B - a potion of berserk rage {unknown}


   Skills:
 + Level 5.9 Fighting
 - Level 1.5 Dodging
 + Level 7.7 Unarmed Combat
 * Level 9.6 Shapeshifting


You had 8 spell levels left.
You didn't know any spells.
Your spell library contained the following spells:

 Spells                   Type           Power      Damage    Failure   Level
 Ensorcelled Hibernation  Hex/Ice        0%         N/A       58%         2
 Gell's Gravitas          Tloc           0%         N/A       83%         3
 Inner Flame              Hex/Fire       0%         N/A       83%         3
 Passwall                 Erth           0%         N/A       83%         3
 Swiftness                Air            0%         N/A       83%         3
 Teleport Other           Tloc           0%         N/A       83%         3
 Volatile Blastmotes      Fire/Tloc      0%         2d10      83%         3
 Fulminant Prism          Conj/Alch      0%         3d5       99%         4
 Iskenderun's Mystic Bla  Conj/Tloc      0%         2d3       99%         4
 Irradiate                Conj/Alch      0%         3d11      100%        5
 Dispersal                Tloc           0%         N/A       100%        6
 Ignition                 Fire           0%         3d3       100%        8


Dungeon Overview and Level Annotations

Branches:
Dungeon (9/15)             Temple (1/1) D:7
   Lair: D:8-11         Orc: D:9-12

Altars:
Ashenzari
Cheibriados
Dithmenos
Elyvilon
Fedhas
Gozag
Hepliaklqana
Kikubaaqudgha
Makhleb
Okawaru
Qazlal
Ru
Sif Muna
Trog
Uskayaw
Vehumet
Xom
Yredelemnul
Zin
The Shining One


Innate Abilities, Weirdness & Mutations

You are a hulking beast.
Your limbs bulge with bestial killing power. (Slay +4)
You are too large for most types of armour.
You have claws for hands.
Your natural rate of healing is unusually fast.
You are covered in fur. (AC +1)
You have tough skin. (AC +1)


Message History

No target in view!
No target in view!
No target in view!
No target in view!
No target in view!
No target in view!
No target in view!
No target in view!
No target in view!
No target in view!
No target in view!
No target in view!
No target in view!
You open the door.
There is an open door here.
A wyvern comes into view.
The wyvern hisses angrily.
A wyvern is nearby!
A wyvern is nearby!
A two-headed ogre comes into view.
It is wielding a +0 giant club and a +0 great mace.
The two-headed ogre shouts in stereo!
The wyvern closely misses you.
You scratch the wyvern but do no damage.
Your claw misses the wyvern. The wyvern bites you!
You barely miss the wyvern. The wyvern bites you!
You mangle the wyvern!!
The wyvern is almost dead.
The wyvern bites you! The wyvern bites you.
You scratch the wyvern but do no damage.
The wyvern is almost dead.
The wyvern closely misses you.
The two-headed ogre hits you with a +0 giant club!!
* * * LOW HITPOINT WARNING * * *
The two-headed ogre hits you with a +0 great mace!
* * * LOW HITPOINT WARNING * * *
The wyvern attacks as it pursues you! The wyvern closely misses you.
The wyvern attacks as it pursues you! The wyvern bites you!
* * * LOW HITPOINT WARNING * * *
The wyvern bites you!
You die...

#..# .... ..... #..#
... ..... #..###..
.... #....#.# #..#
#....#.# +..#
#....#.# #..#
#####....'.# #O.#
.........#.######k.#
.........#......h..#
.†.......#.........#
....################
....# ....+ ....#
....# ....#


You could see a two-headed ogre and a wyvern.

Vanquished Creatures
  Grinder (D:3)
  Prince Ribbit (D:7)
  Sigmund (D:6)
  3 yaks (D:9)
  2 water moccasins
  An orc warrior (D:9)
  4 black bears (D:5)
  An ogre (D:5)
  A centaur (D:7)
  2 kobold brigands
  A phantom (D:4)
  Blork the orc (D:6)
  2 bullfrogs
  3 scorpions
  2 howler monkeys
  A bombardier beetle (D:5)
  3 jellies
  5 hounds
  4 orc priests
  A gnoll bouda (D:7)
  Jessica (D:2)
  3 sleepcaps (D:5)
  3 iguanas
  3 orc wizards
  Robin (D:2)
  4 gnolls (D:7)
  10 adders
  A river rat (D:3)
  A shadow imp (D:7)
  3 white imps
  4 ufetubi (D:6)
  4 ribbon worms
  5 dart slugs
  23 orcs
  7 bats
  3 endoplasms
  6 giant cockroaches
  14 goblins
  11 hobgoblins
  4 jackals (D:1)
  16 kobolds
  A quokka (D:2)
  13 ball pythons
  5 frilled lizards
  4 rats
190 creatures vanquished.

Notes
Turn   | Place    | Note
-------+----------+-------------------------------------------
     0 | D:1      | Malachi the Troll Shapeshifter began the quest for the Orb.
     0 | D:1      | Reached XP level 1. HP: 18/18 MP: 0/0
    31 | D:1      | Reached skill level 1 in Fighting
    75 | D:1      | Reached XP level 2. HP: 27/27 MP: 1/1
   391 | D:1      | Reached XP level 3. HP: 33/33 MP: 2/2
  1222 | D:2      | Noticed Robin
  1303 | D:2      | Reached XP level 4. HP: 26/42 MP: 3/3
  1344 | D:2      | Killed Robin
  1562 | D:2      | Noticed Jessica
  1566 | D:2      | Killed Jessica
  1567 | D:2      | Reached skill level 4 in Shapeshifting
  1886 | D:3      | Reached XP level 5. HP: 34/49 MP: 4/4
  2229 | D:3      | Noticed Grinder
  2240 | D:3      | Killed Grinder
  2241 | D:3      | Reached skill level 5 in Shapeshifting
  2241 | D:3      | Reached XP level 6. HP: 24/59 MP: 5/5
  2830 | D:4      | Reached XP level 7. HP: 45/67 MP: 6/6
  2939 | D:4      | Reached skill level 5 in Unarmed Combat
  3021 | D:4      | Found a hazy altar of Hepliaklqana.
  3120 | D:4      | Reached skill level 6 in Shapeshifting
  3388 | D:5      | Entered Level 5 of the Dungeon
  3557 | D:5      | Reached XP level 8. HP: 74/78 MP: 7/7
  3773 | D:5      | Reached skill level 7 in Shapeshifting
  4154 | D:6      | Noticed Blork the orc
  4165 | D:6      | Killed Blork the orc
  4203 | D:6      | Found a white marble altar of Elyvilon.
  4574 | D:6      | Noticed Sigmund
  4588 | D:6      | Killed Sigmund
  4617 | D:6      | Reached skill level 8 in Shapeshifting
  4838 | D:6      | Reached XP level 9. HP: 85/87 MP: 8/8
  5201 | D:7      | Reached skill level 5 in Fighting
  5285 | D:7      | Found a staircase to the Ecumenical Temple.
  5469 | D:7      | Found a stormy altar of Qazlal.
  5568 | D:7      | Noticed Prince Ribbit
  5585 | D:7      | Killed Prince Ribbit
  5796 | Temple   | Entered the Ecumenical Temple
  5884 | D:8      | Found a hide-covered altar of Uskayaw.
  5913 | D:8      | Reached skill level 9 in Shapeshifting
  6072 | D:8      | Found a shimmering blue altar of Sif Muna.
  6399 | D:9      | Noticed a two-headed ogre
  6406 | D:9      | HP: 2/89 [wyvern (15)]
  6406 | D:9      | Mangled by a wyvern

Illustrated notes

Levels and vault maps discovered:
D:1:      dpeg_arrival_arbitrary_b, layout_basic
D:2:      layout_basic, uniq_robin, uniq_jessica
D:3:      layout_basic, portal_sewer_entry_e, minmay_snake_closets, uniq_grinder
D:4:      layout_basic, nicolae_hepliaklqana_hazy_memory
D:5:      layout_basic, serial_library_hellmonk_h_bend, hellmonk_no_cap
D:6:      layout_layer_cave, marbit_many_paths, uniq_blork_the_orc, uniq_sigmund
D:7:      layout_loops_ring, nicolae_qazlal_eye_of_the_storm,
          minmay_temple_entry_glass, uniq_prince_ribbit1
D:8:      layout_rooms, nicolae_overflow_hidden_temple,
          mainiacjoe_overflow_alcove_4
D:9:      layout_irregular_city, nicolae_wu_jian_immortal_techniques
Temple:   regret_index_temple_generic_petals

Skill      XL: |  1  2  3  4  5  6  7  8  9 |
---------------+----------------------------+-----
Fighting       | 1 2 3 4 5 |  5.9
Shapeshifting  | 4 5 6 8 9 |  9.6
Unarmed Combat | 4 5 6 7 |  7.7
Dodging        | |  1.5

Action                     |  1- 3 |  4- 6 |  7- 9 || total
---------------------------+-------+-------+-------++-------
  Melee: Unarmed           |   103 |   122 |   252 ||   477
         Punch             |     2 |       |    10 ||    12
    Use: Scroll            |       |     9 |     5 ||    14
   Stab: Sleeping          |     1 |     1 |     1 ||     3
 Armour: Animal skin       |    57 |    95 |   212 ||   364
  Dodge: Dodged            |    55 |    50 |   101 ||   206

Table legend: (Time is in decaauts)
 A = Elapsed time spent in this place.
 B = Non-inter-level travel time spent in this place.
 C = Inter-level travel time spent in this place.
 D = Time resting spent in this place.
 E = Time spent auto-exploring this place.
 F = Levels seen in this place.
 G = Mean time per level.
                   A        B        C        D        E       F      G
               +--------+--------+--------+--------+--------+-----+--------+
         Total |   6370 |   6128 |    242 |     76 |   4899 |  10 |  637.0 |
       Dungeon |   6368 |   6126 |    242 |     76 |   4899 |   9 |  707.6 |
        Temple |      1 |      1 |      0 |      0 |      0 |   1 |    1.0 |
               +--------+--------+--------+--------+--------+-----+--------+

Top non-repeatable levels by time:
     D:6: 1024 daAuts
     D:3: 1024 daAuts
     D:2: 855 daAuts
     D:1: 853 daAuts
     D:5: 711 daAuts
     D:7: 662 daAuts
     D:4: 638 daAuts
     D:8: 342 daAuts
     D:9: 257 daAuts
  Temple: 1 daAuts
